 Dungeon Crawl Stone Soup version 0.18.1-50-g88ac8fd (webtiles) character file.

47 Amnesiac the Charlatan (level 3, 0/25 HPs)
             Began as a Vine Stalker Artificer on July 6, 2018.
             Succumbed to a worker ant's poison
             ... on level 4 of the Dungeon.
             The game lasted 00:03:17 (645 turns).

Amnesiac the Charlatan (Vine Stalker Artificer)      Turns: 645, Time: 00:03:19

Health: 0/25       AC: 21    Str: 14    XL:     3   Next: 70%
Magic:  1/6        EV:  2    Int: 12    God:
Gold:   87         SH:  0    Dex: 14    Spells: 1 memorised, 0 levels left

rFire  + . .     SeeInvis .     a - +0 short sword
rCold  + . .     Gourm    .     (armour currently unavailable)
rNeg   + + +     Faith    .     (no shield)
rPois  +         Spirit   +     (helmet currently unavailable)
rElec  +         Dismiss  .     (cloak currently unavailable)
rCorr  +         Reflect  .     (gloves currently unavailable)
SustAt .         Harm     .     (boots currently unavailable)
MR     .....     NoTele   +     (no amulet)
Stlth  ++........               (no ring)
                                (no ring)

@: lethally poisoned (0 -> -6), tree-form, resistant, repel missiles, not
resistant to hostile enchantments, unstealthy
A: (fangs 0), regeneration 1, magic shield, (antimagic bite), no device heal 3,
rot immunity
a: no special abilities


You were on level 4 of the Dungeon.
You were not hungry.
You were a tree.
You visited 1 branch of the dungeon, and saw 4 of its levels.

You collected 87 gold pieces.

Inventory:

Hand Weapons
 a - a +0 short sword (weapon)
Armour
 b - a +0 leather armour (melded)
Wands
 c - a wand of flame (14/48)
 d - a wand of enslavement (15/24)
 e - a wand of random effects (15/48)
Scrolls
 j - 2 scrolls of identify {!r, unknown}
 l - a scroll of magic mapping {!r, unknown}
Potions
 n - a potion of agility {!q, unknown}
Books
 o - a book of Air

   Spells                             Type                      Level
   a - Shock                          Conjuration/Air              1
   b - Swiftness                      Charms/Air                   2
   c - Repel Missiles                 Charms/Air                   2
   d - Static Discharge               Conjuration/Air              3
   e - Lightning Bolt                 Conjuration/Air              5
Comestibles
 f - a bread ration
 h - a beef jerky
 i - 2 meat rations
 m - a slice of pizza


   Skills:
 - Level 0.8 Fighting
 * Level 2.5 Short Blades
 - Level 1.5 Dodging
 + Level 1.7 Stealth
 + Level 3.1 Evocations


You couldn't memorise any spells.
You knew the following spells:

 Your Spells              Type           Power        Failure   Level  Hunger
a - Repel Missiles        Chrm/Air       #.....       52%         2    ###....


Dungeon Overview and Level Annotations

Branches:
Dungeon (4/15)
 Temple: D:4-7

Altars:
Fedhas


Innate Abilities, Weirdness & Mutations

((You have extremely sharp teeth.))
Your natural rate of healing is unusually fast.
When hurt, damage is shared between your health and your magic reserves.
((Your bite disrupts and absorbs the magic of your enemies.))
Potions and wands cannot restore your health.
You are immune to rotting.


Message History

You start resting.
A bat is nearby!
The bat closely misses you.
You miss the bat. The bat barely misses you.
You closely miss the bat. The bat closely misses you.
The bat closely misses you. The bat hits you but does no damage.
Found 17 bolts.
The bat hits you but does no damage.
You barely miss the bat. You bite the bat, but do no damage.
The bat barely misses you. The bat barely misses you.
You hit the bat.
You kill the bat!
No target in view!
No target in view!
Items here: ) [ †† a whip; a leather armour; an orc corpse; a dart slug corpse
There is a stone staircase leading down here.
HP restored.
You climb downwards. 3 jackals and a worker ant come into view.
Found a hand axe and a short sword.
Found a stone staircase leading down and a stone staircase leading up.
There is a stone staircase leading up here.
A jackal comes into view.
There is a stone staircase leading up here.
You closely miss the worker ant. The worker ant bites you.
You closely miss the worker ant. The worker ant barely misses you.
You hit the worker ant. You bite the worker ant. You drain its power.
You feel invigorated.
The worker ant is lightly wounded.
The worker ant bites you.
You are poisoned.
The worker ant poisons you!
You hit the worker ant but do no damage.
The worker ant is lightly wounded.
You feel sick. The worker ant bites you!
* * * LOW HITPOINT WARNING * * *
You are lethally poisoned!
The worker ant poisons you!
You hit the worker ant.
The worker ant is heavily wounded.
* * * LOW HITPOINT WARNING * * *
You feel sick.
The worker ant bites you but does no damage. x2
You barely miss the worker ant.
The jackal barks! x2
You bite the worker ant, but do no damage.
The worker ant is heavily wounded.
* * * LOW HITPOINT WARNING * * *
You feel sick. The worker ant bites you.
* * * LOW HITPOINT WARNING * * *
Drink which item? (? for menu, Esc to quit)
Really quaff
g - a ruby potion {!q}?
It was a potion of resistance {!q}.
You feel protected.
* * * LOW HITPOINT WARNING * * *
You feel sick. The worker ant closely misses you.
Drink which item? (? for menu, Esc to quit)
Really quaff
k - a bubbling ruby potion {!q}?
It was a potion of lignification {!q}.
You turn into a tree.
Your roots penetrate the ground.
You die...

#.....<...#
#....h....#
#.........#
#.........#
#..h..hh..#
#....)....#
#..<......##
##.>.........
#...♣a....###
#.........#
#.........#
#.).......#
#.........#
###.........
..........
..........


You could see a worker ant and 4 jackals.

Vanquished Creatures
  2 adders (D:2)
  2 dart slugs
  A giant gecko (D:2)
  An orc (D:3)
  3 bats
  3 giant cockroaches (D:1)
  5 goblins
  4 kobolds
  A rat (D:2)
22 creatures vanquished.

Notes
Turn   | Place    | Note
--------------------------------------------------------------
     0 | D:1      | Amnesiac the Vine Stalker Artificer began the quest for the Orb.
     0 | D:1      | Reached XP level 1. HP: 9/9 MP: 3/3
    54 | D:1      | Reached skill level 1 in Short Blades
    95 | D:1      | Reached XP level 2. HP: 5/14 MP: 5/5
   313 | D:2      | Found a blossoming altar of Fedhas.
   343 | D:2      | Reached skill level 3 in Evocations
   343 | D:2      | Reached XP level 3. HP: 6/17 MP: 3/6
   580 | D:2      | Learned a level 2 spell: Repel Missiles
   645 | D:4      | Succumbed to a worker ant's poison

Skill      XL: |  1  2 |
---------------+-------+-----
Short Blades   | 1 2 |  2.5
Evocations     | 3 |  3.1
Fighting       | |  0.8
Dodging        | |  1.5
Stealth        | |  1.7

Action                   || total
-------------------------++-------
Melee: Short sword       ||   118
       Bite              ||    22
 Cast: Repel Missiles    ||     1
Evoke: Wand              ||     1
  Use: Scroll            ||     2
       Potion            ||     2
Armor: Leather armour    ||    41
Dodge: Dodged            ||    85
